[Event "58th Akiba Rubinstein D 2022"]
[Site "Polanica-Zdroj"]
[Date "2022.08.21"]
[Round "9.13"]
[White "Krygiel, Konrad"]
[Black "Marek, Grzegorz"]
[Result "0-1"]
[ECO "B40"]
[WhiteElo "1603"]
[BlackElo "1478"]
[Annotator "NA RC"]
[PlyCount "162"]
[EventDate "2022.08.13"]
[EventCountry "POL"]
[SourceTitle "playchess.com"]
[Source "ChessBase"]
[SourceQuality "1"]
[TimeControl "40/5400+30:1800+30"]

1. e4 c5 2. Nf3 e6 3. b3 Nc6 4. Bb2 Nf6 5. e5 Ng4 6. h3 Nh6 7. Bb5 Qc7 8. Bxc6 Qxc6 9. Qe2 Be7 10. Nc3 a6 11. Qe4 Qxe4+ 12. Nxe4 b6 13. Ng3 Bb7 14. O-O-O O-O 15. Kb1 d5 16. d4 a5 17. Ne2 Ba6 18. Nc1 a4 19. a3 Rfc8 20. Na2 Be2 21. Rd2 Bxf3 22. gxf3 axb3 23. cxb3 cxd4 24. b4 Nf5 25. Nc1 Bg5 26. Rd3 Bxc1 27. Rxc1 Rc4 28. Rcd1 Kf8 29. R1d2 Ke7 30. f4 h5 31. Rd1 Kd7 32. R1d2 Kc6 33. Rd1 Kb5 34. R1d2 Kc6 35. Rd1 Kd7 36. R1d2 Ke7 37. Rd1 Kf8 38. R1d2 Kg8 39. Rd1 Kh7 40. Ka2 Rxb4 41. Bxd4 b5 42. Be3 Rba4 43. Kb2 b4 44. axb4 Rxb4+ 45. Rb3 Rxb3+ 46. Kxb3 Rc8 47. Kb2 Rc4 48. Rd3 Nxe3 49. fxe3 Kg6 50. Ra3 Rc7 51. Ra1 Kf5 52. Rg1 g6 53. h4 Ke4 54. Rg3 Rc6 55. Rh3 Rc4 56. Rg3 d4 57. exd4 Rxd4 58. Ra3 Kxf4 59. Ra7 Kxe5 60. Rxf7 Rxh4 61. Kc3 Kd5 62. Kd3 g5 63. Ke3 Rh3+ 64. Kf2 Ke4 65. Kg2 g4 66. Ra7 e5 67. Ra4+ Kf5 68. Ra8 Kf4 69. Ra4+ e4 70. Ra8 Rd3 71. Rf8+ Ke3 72. Rh8 Rd5 73. Kg3 Ke2 74. Re8 e3 75. Kf4 Rd4+ 76. Kg3 Kd2 77. Ra8 e2 78. Ra2+ Ke3 79. Ra1 Rd1 80. Ra3+ Rd3 81. Ra1 Kd2+ 0-1

[Event "58th Akiba Rubinstein D 2022"]
[Site "Polanica-Zdroj"]
[Date "2022.08.21"]
[Round "9.14"]
[White "Durzynski, Jan"]
[Black "Sola, Wojciech"]
[Result "0-1"]
[ECO "B27"]
[WhiteElo "1406"]
[BlackElo "1780"]
[Annotator "NA RC"]
[PlyCount "118"]
[EventDate "2022.08.13"]
[EventCountry "POL"]
[SourceTitle "playchess.com"]
[Source "ChessBase"]
[SourceQuality "1"]
[TimeControl "40/5400+30:1800+30"]

1. e4 c5 2. Nf3 g6 3. c3 Bg7 4. d4 cxd4 5. cxd4 d5 6. e5 Bg4 7. Bb5+ Nc6 8. O-O e6 9. h3 Bxf3 10. Qxf3 Nge7 11. Nc3 O-O 12. Qd3 Qb6 13. Bxc6 Nxc6 14. Be3 Rfc8 15. a3 Qb3 16. Qb5 Qxb5 17. Nxb5 Bf8 18. Rac1 a6 19. Nc3 Na5 20. Na2 Nc4 21. Rb1 Rc6 22. Bc1 a5 23. a4 Rac8 24. Bf4 b5 25. axb5 Rb6 26. Nc3 Bb4 27. Rfc1 Bxc3 28. bxc3 Rcb8 29. Kf1 Kf8 30. Ke2 Rxb5 31. Rxb5 Rxb5 32. Kd3 Ke7 33. Rc2 Rb1 34. Rc1 Rxc1 35. Bxc1 Kd7 36. Kc2 Kc6 37. g4 Kb5 38. f4 Nb6 39. Kb3 a4+ 40. Kb2 Nc4+ 41. Kc2 Ka5 42. f5 exf5 43. gxf5 gxf5 44. Bg5 Kb5 45. Bc1 Kc6 46. h4 Kd7 47. Bg5 Ke6 48. Kb1 Kd7 49. Ka2 Kc6 50. h5 Kb5 51. Bf4 Nb6 52. Kb2 Kc4 53. Kc2 a3 54. Bc1 a2 55. Kb2 Na4+ 56. Kxa2 Nxc3+ 57. Kb2 Ne2 58. Be3 f4 59. Bf2 Nxd4 0-1

[Event "58th Akiba Rubinstein D 2022"]
[Site "Polanica-Zdroj"]
[Date "2022.08.21"]
[Round "9.17"]
[White "Milczarek, Robert"]
[Black "Dysko, Michal"]
[Result "0-1"]
[ECO "E20"]
[WhiteElo "1653"]
[BlackElo "1376"]
[Annotator "NA RC"]
[PlyCount "76"]
[EventDate "2022.08.13"]
[EventCountry "POL"]
[SourceTitle "playchess.com"]
[Source "ChessBase"]
[SourceQuality "1"]
[TimeControl "40/5400+30:1800+30"]

1. d4 Nf6 2. c4 e6 3. Nc3 Bb4 4. f3 O-O 5. a3 Bxc3+ 6. bxc3 b6 7. Bg5 d5 8. cxd5 exd5 9. e3 Re8 10. Qd2 Qe7 11. Kf2 Ng4+ 12. fxg4 Qxg5 13. Nf3 Qxg4 14. Bd3 h6 15. Rhf1 Nd7 16. h3 Qe6 17. e4 dxe4 18. Bxe4 Rb8 19. Rae1 Qd6 20. Bh7+ Kf8 21. Rxe8+ Kxe8 22. Re1+ Kf8 23. Qe3 Bb7 24. Bc2 Bxf3 25. Qxf3 Qxa3 26. g4 Qd6 27. Kg2 Nf6 28. Bb3 Qd7 29. Rf1 c6 30. h4 Re8 31. g5 Nd5 32. gxh6 gxh6 33. Kg1 Re3 34. Qh5 Qe6 35. Bxd5 cxd5 36. Rf2 Rxc3 37. Qd1 Rg3+ 38. Kh1 Qe4+ 0-1

[Event "58th Akiba Rubinstein D 2022"]
[Site "Polanica-Zdroj"]
[Date "2022.08.21"]
[Round "9.18"]
[White "Stachowiak, Bruno"]
[Black "Markiewicz, Jacek"]
[Result "1/2-1/2"]
[ECO "B18"]
[WhiteElo "1462"]
[BlackElo "1610"]
[Annotator "NA RC"]
[PlyCount "91"]
[EventDate "2022.08.13"]
[EventCountry "POL"]
[SourceTitle "playchess.com"]
[Source "ChessBase"]
[SourceQuality "1"]
[TimeControl "40/5400+30:1800+30"]

1. e4 c6 2. d4 d5 3. Nc3 dxe4 4. Nxe4 Bf5 5. Ng3 Bg6 6. h4 h6 7. Nf3 e6 8. Bd3 Bxd3 9. Qxd3 Nf6 10. Bd2 Nbd7 11. O-O-O Be7 12. Ne4 Nxe4 13. Qxe4 Nf6 14. Qd3 Qd5 15. Kb1 b5 16. Rde1 Ng4 17. Rhf1 Bd6 18. Ne5 Nxe5 19. dxe5 Qxd3 20. cxd3 Be7 21. Re4 O-O-O 22. Rc1 Kb7 23. d4 Kb6 24. Be3 Rd5 25. Rf4 f5 26. exf6 Bxf6 27. Re4 Re8 28. Re1 Kc7 29. Rg4 Kd7 30. f3 a5 31. Bf2 a4 32. Rge4 b4 33. Kc2 Re7 34. Rd1 Re8 35. g4 e5 36. dxe5 Rexe5 37. Rxe5 Rxd1 38. Kxd1 Bxe5 39. Kc2 Kd6 40. b3 a3 41. Be3 Kd5 42. f4 Bf6 43. g5 hxg5 44. fxg5 Be5 45. Kd3 g6 46. Bf2 1/2-1/2

[Event "58th Akiba Rubinstein D 2022"]
[Site "Polanica-Zdroj"]
[Date "2022.08.21"]
[Round "9.19"]
[White "Litwin, Tomasz"]
[Black "Wilgosz, Tomasz"]
[Result "0-1"]
[ECO "A00"]
[WhiteElo "1580"]
[BlackElo "1513"]
[Annotator "NA RC"]
[PlyCount "70"]
[EventDate "2022.08.13"]
[EventCountry "POL"]
[SourceTitle "playchess.com"]
[Source "ChessBase"]
[SourceQuality "1"]
[TimeControl "40/5400+30:1800+30"]

1. b4 e5 2. Bb2 Bxb4 3. Bxe5 Nf6 4. e3 d5 5. c4 O-O 6. Nf3 Nc6 7. Bb2 Bg4 8. cxd5 Nxd5 9. Be2 Ba5 10. a3 Qe7 11. O-O Rfe8 12. Qb3 Nf4 13. Bd1 Nh3+ 14. Kh1 Bxf3 15. Bxf3 Ng5 16. Bxc6 bxc6 17. Nc3 Red8 18. Rad1 Rd6 19. Qc2 Rh6 20. Qf5 Bxc3 21. Bxc3 Re8 22. Bb4 Qd8 23. d3 Ne6 24. Rc1 Qh4 25. Qe5 Qd8 26. Rc3 Ng5 27. Qf4 Rg6 28. e4 Ne6 29. Qe3 Nd4 30. f4 Qd7 31. Bc5 Qg4 32. Rg1 Ne2 33. Qh3 Qxh3 34. gxh3 Rxg1+ 35. Bxg1 Nxc3 0-1

[Event "58th Akiba Rubinstein D 2022"]
[Site "Polanica-Zdroj"]
[Date "2022.08.21"]
[Round "9.20"]
[White "Soszka, Szymon"]
[Black "Garwacki, Kornel"]
[Result "1/2-1/2"]
[ECO "E70"]
[WhiteElo "1355"]
[BlackElo "1571"]
[Annotator "NA RC"]
[PlyCount "102"]
[EventDate "2022.08.13"]
[EventCountry "POL"]
[SourceTitle "playchess.com"]
[Source "ChessBase"]
[SourceQuality "1"]
[TimeControl "40/5400+30:1800+30"]

1. d4 Nf6 2. c4 d6 3. Nc3 g6 4. e4 Bg7 5. Bg5 O-O 6. Qd2 c6 7. Bd3 Nbd7 8. Nge2 Qc7 9. O-O e5 10. d5 Nc5 11. Bc2 a5 12. Rad1 Ne8 13. Kh1 f6 14. Bh6 f5 15. Bxg7 Kxg7 16. f4 fxe4 17. fxe5 Rxf1+ 18. Rxf1 dxe5 19. Nxe4 Nxe4 20. Bxe4 Nd6 21. Bd3 cxd5 22. Qg5 Nf7 23. Qf6+ Kg8 24. cxd5 Bf5 25. Bxf5 gxf5 26. Rxf5 Ra6 27. Qh4 Qc2 28. Qf2 Qd1+ 29. Qf1 Qxd5 30. Nc3 Qe6 31. Ne4 Rc6 32. Nf6+ Kh8 33. h3 Rc1 34. Qxc1 Qxf5 35. Ng4 Qe6 36. Qc5 h5 37. Ne3 b6 38. Qc4 Qg6 39. Qc8+ Kh7 40. Nf5 Qf6 41. Qd7 Kg6 42. Ne7+ Kg5 43. Qd2+ Qf4 44. h4+ Kg4 45. Qd7+ Kg3 46. Qd3+ Kf2 47. Qc2+ Ke1 48. Nf5 Qf1+ 49. Kh2 Qf4+ 50. Kh3 Qg4+ 51. Kh2 Qf4+ 1/2-1/2

[Event "58th Akiba Rubinstein D 2022"]
[Site "Polanica-Zdroj"]
[Date "2022.08.21"]
[Round "9.21"]
[White "Serewa, Antoni"]
[Black "Sleczka, Krzysztof"]
[Result "1-0"]
[ECO "D52"]
[WhiteElo "1542"]
[BlackElo "1443"]
[Annotator "NA RC"]
[PlyCount "133"]
[EventDate "2022.08.13"]
[EventCountry "POL"]
[SourceTitle "playchess.com"]
[Source "ChessBase"]
[SourceQuality "1"]
[TimeControl "40/5400+30:1800+30"]

1. d4 d5 2. c4 e6 3. Nc3 Nf6 4. Nf3 c6 5. Bg5 Nbd7 6. e3 Qa5 7. Nd2 dxc4 8. Bxf6 Nxf6 9. Nxc4 Qc7 10. Be2 Be7 11. O-O O-O 12. a3 c5 13. Nb5 Qd8 14. dxc5 Bxc5 15. b4 Be7 16. Qb3 a6 17. Rfd1 Bd7 18. Nd4 b5 19. Ne5 Qc7 20. Nxd7 Nxd7 21. Nxe6 Qa7 22. Nxf8 Rxf8 23. a4 Bf6 24. Rab1 Rb8 25. axb5 axb5 26. h3 Nf8 27. Rd5 Qa6 28. Qd3 Qa2 29. Rd1 Ne6 30. Rxb5 Rd8 31. Rd5 Rxd5 32. Qxd5 Qxe2 33. b5 Bh4 34. Rf1 Bd8 35. Qc6 g6 36. b6 Qb2 37. b7 Bc7 38. Rc1 Kf8 39. g3 Qb3 40. Kg2 g5 41. Ra1 h5 42. Ra8+ Kg7 43. Re8 Be5 44. Qe4 Bd6 45. Rc8 Qb2 46. Qc6 Be5 47. Qd5 Nc7 48. Qf3 Ne6 49. Qe4 Bd6 50. Rc2 Qb3 51. Qc6 Be5 52. Qe4 Bd6 53. Rd2 Bb8 54. Rd5 Kh6 55. Rd7 Kg7 56. Qf5 Nf8 57. Qxg5+ Ng6 58. Qxh5 Qb6 59. Qd5 Qf6 60. Rd8 Bc7 61. b8=Q Bxb8 62. Rxb8 Ne5 63. Rb4 Qe7 64. Re4 f6 65. Rd4 Qa3 66. Qb7+ Kg6 67. Rh4 1-0

[Event "58th Akiba Rubinstein D 2022"]
[Site "Polanica-Zdroj"]
[Date "2022.08.21"]
[Round "9.23"]
[White "Chilkiewicz, Piotr"]
[Black "Grudzinski, Krzysztof"]
[Result "1-0"]
[ECO "B41"]
[WhiteElo "1549"]
[BlackElo "1520"]
[Annotator "NA RC"]
[PlyCount "61"]
[EventDate "2022.08.13"]
[EventCountry "POL"]
[SourceTitle "playchess.com"]
[Source "ChessBase"]
[SourceQuality "1"]
[TimeControl "40/5400+30:1800+30"]

1. e4 c5 2. Nf3 e6 3. d4 cxd4 4. Nxd4 a6 5. g3 Nf6 6. Bg2 Qc7 7. O-O Nc6 8. Nb3 Be7 9. a4 O-O 10. Nc3 b6 11. f4 d6 12. Be3 Rb8 13. Qe2 Bb7 14. g4 Nd7 15. g5 Nc5 16. f5 Rfe8 17. g6 fxg6 18. Nxc5 bxc5 19. fxg6 Ne5 20. gxh7+ Kh8 21. Qh5 Bf6 22. Bg5 Bxg5 23. Qxg5 Rbd8 24. Ne2 d5 25. Nf4 Kxh7 26. Ra3 dxe4 27. Rh3+ Kg8 28. Ng6 Nf3+ 29. Bxf3 exf3 30. Rh8+ Kf7 31. Ne5+ 1-0

[Event "58th Akiba Rubinstein D 2022"]
[Site "Polanica-Zdroj"]
[Date "2022.08.21"]
[Round "9.24"]
[White "Bednarkiewicz, Jakub"]
[Black "Misiek, Stanislaw"]
[Result "0-1"]
[ECO "D43"]
[WhiteElo "1545"]
[BlackElo "1427"]
[Annotator "NA RC"]
[PlyCount "40"]
[EventDate "2022.08.13"]
[EventCountry "POL"]
[SourceTitle "playchess.com"]
[Source "ChessBase"]
[SourceQuality "1"]
[TimeControl "40/5400+30:1800+30"]

1. d4 d5 2. c4 c6 3. Nc3 Nf6 4. Nf3 e6 5. Bf4 dxc4 6. e3 b5 7. Qc2 Nbd7 8. Be2 Bb7 9. O-O Be7 10. Ne5 Nd5 11. Bg3 Nxe5 12. Bxe5 O-O 13. Ne4 Qb6 14. Bd6 Bxd6 15. Nxd6 c5 16. dxc5 Qxc5 17. Nxb7 Qb6 18. Na5 Qxa5 19. a4 Qb6 20. a5 Qxa5 0-1

[Event "58th Akiba Rubinstein D 2022"]
[Site "Polanica-Zdroj"]
[Date "2022.08.21"]
[Round "9.26"]
[White "Szczepanski, Krzysztof"]
[Black "Gawlik, Olivier"]
[Result "0-1"]
[ECO "E92"]
[WhiteElo "1790"]
[BlackElo "1384"]
[Annotator "NA RC"]
[PlyCount "89"]
[EventDate "2022.08.13"]
[EventCountry "POL"]
[SourceTitle "playchess.com"]
[Source "ChessBase"]
[SourceQuality "1"]
[TimeControl "40/5400+30:1800+30"]

1. Nf3 Nf6 2. d4 g6 3. c4 Bg7 4. Nc3 d6 5. e4 O-O 6. Be2 e5 7. d5 a5 8. a4 Na6 9. O-O Nc5 10. Qc2 h6 11. Be3 b6 12. h3 Nh7 13. Ra3 f5 14. Bxc5 bxc5 15. exf5 gxf5 16. Nh2 Nf6 17. Rb3 Kh8 18. g4 Nh7 19. Nb5 f4 20. Bd3 Ng5 21. Bg6 f3 22. Kh1 Nxh3 23. Rxf3 Rxf3 24. Nxf3 Bxg4 25. Qe4 Nf4 26. Nh2 Be2 27. Rg1 Bd3 28. Qf3 Bxg6 29. Qg4 Qe7 30. Nf1 Bh5 31. Qxg7+ Qxg7 32. Rxg7 Kxg7 33. Nxc7 Rd8 34. Ne3 Rd7 35. Nb5 Kf6 36. Kh2 Ne2 37. Nf1 Nd4 38. Nd2 Nf3+ 39. Nxf3 Bxf3 40. Kg3 Be2 41. f4 exf4+ 42. Kxf4 Bxc4 43. Nc3 Re7 44. b3 Bxb3 45. Nb5 0-1

[Event "58th Akiba Rubinstein D 2022"]
[Site "Polanica-Zdroj"]
[Date "2022.08.21"]
[Round "9.27"]
[White "Karpiuk, Julian"]
[Black "Ugorek, Kacper"]
[Result "1/2-1/2"]
[ECO "E61"]
[WhiteElo "1513"]
[BlackElo "1747"]
[Annotator "NA RC"]
[PlyCount "62"]
[EventDate "2022.08.13"]
[EventCountry "POL"]
[SourceTitle "playchess.com"]
[Source "ChessBase"]
[SourceQuality "1"]
[TimeControl "40/5400+30:1800+30"]

1. d4 Nf6 2. c4 g6 3. Nc3 Bg7 4. Bg5 O-O 5. e3 d6 6. Bd3 h6 7. Bh4 e5 8. Nge2 Nc6 9. d5 Ne7 10. f3 Nd7 11. Qd2 f5 12. O-O-O Nc5 13. Bc2 a5 14. Bxe7 Qxe7 15. g4 fxg4 16. fxg4 Bxg4 17. Rhg1 h5 18. h3 Bf5 19. Bxf5 Rxf5 20. Rxg6 Raf8 21. Rdg1 Rf1+ 22. Kc2 Rxg1 23. Rg5 Rg2 24. Rxg2 Qh4 25. Rg1 Qxh3 26. Ng3 h4 27. Qe2 Qf5+ 28. Nge4 Qh7 29. Qg2 h3 30. Kd2 h2 31. Qg4 Nxe4+ 1/2-1/2

[Event "58th Akiba Rubinstein D 2022"]
[Site "Polanica-Zdroj"]
[Date "2022.08.21"]
[Round "9.28"]
[White "Ursnik, Patryk"]
[Black "Kurzawa, Marcin"]
[Result "1-0"]
[ECO "B08"]
[WhiteElo "1671"]
[BlackElo "1290"]
[Annotator "NA RC"]
[PlyCount "63"]
[EventDate "2022.08.13"]
[EventCountry "POL"]
[SourceTitle "playchess.com"]
[Source "ChessBase"]
[SourceQuality "1"]
[TimeControl "40/5400+30:1800+30"]

1. e4 d6 2. d4 Nf6 3. Nc3 g6 4. Nf3 Bg7 5. Be2 O-O 6. O-O b6 7. Bf4 Nh5 8. Be3 Bb7 9. Ng5 Nf6 10. e5 dxe5 11. dxe5 Nd5 12. Nxd5 Bxd5 13. c4 Bb7 14. f4 h6 15. Nf3 e6 16. Qc2 c5 17. Rad1 Qe7 18. Rd6 Na6 19. a3 Rad8 20. Rfd1 Rxd6 21. exd6 Qd7 22. Ne5 Bxe5 23. fxe5 Kg7 24. Qd2 Rh8 25. b4 cxb4 26. axb4 Nb8 27. c5 bxc5 28. Bxc5 a6 29. Qf4 Rf8 30. Be3 Rh8 31. Bc5 Rf8 32. Be3 1-0

[Event "58th Akiba Rubinstein D 2022"]
[Site "Polanica-Zdroj"]
[Date "2022.08.21"]
[Round "9.29"]
[White "Latacz, Grzegorz"]
[Black "Rosa, Antoni"]
[Result "1/2-1/2"]
[ECO "D35"]
[WhiteElo "1449"]
[BlackElo "1598"]
[Annotator "NA RC"]
[PlyCount "48"]
[EventDate "2022.08.13"]
[EventCountry "POL"]
[SourceTitle "playchess.com"]
[Source "ChessBase"]
[SourceQuality "1"]
[TimeControl "40/5400+30:1800+30"]

1. d4 d5 2. c4 e6 3. Nc3 Nf6 4. cxd5 exd5 5. Bg5 Be7 6. e3 c6 7. Bd3 O-O 8. Qc2 h6 9. Bf4 Be6 10. Nf3 Nbd7 11. h3 c5 12. dxc5 Nxc5 13. O-O Rc8 14. Nd4 Nfe4 15. Nxe6 fxe6 16. Nxe4 Nxe4 17. Qe2 Nf6 18. Rac1 Qb6 19. Be5 Rxc1 20. Rxc1 Bd6 21. Bxf6 Rxf6 22. Bb1 Rf7 23. Rc8+ Rf8 24. Rxf8+ Bxf8 1/2-1/2

[Event "58th Akiba Rubinstein D 2022"]
[Site "Polanica-Zdroj"]
[Date "2022.08.21"]
[Round "9.30"]
[White "Suszczynski, Dominik"]
[Black "Perek, Oskar"]
[Result "0-1"]
[ECO "B20"]
[WhiteElo "1329"]
[BlackElo "1555"]
[Annotator "NA RC"]
[PlyCount "49"]
[EventDate "2022.08.13"]
[EventCountry "POL"]
[SourceTitle "playchess.com"]
[Source "ChessBase"]
[SourceQuality "1"]
[TimeControl "40/5400+30:1800+30"]

1. e4 c5 2. b4 cxb4 3. Nf3 Nc6 4. d4 d5 5. exd5 Qxd5 6. c4 bxc3 7. Nxc3 Qa5 8. Rb1 e6 9. Bd2 Qd8 10. Bb5 Nf6 11. Ne5 Bd7 12. Nxd7 Qxd7 13. Qf3 Be7 14. O-O O-O 15. Rfd1 Rac8 16. Bf4 Rfd8 17. Be5 a6 18. Bxc6 Rxc6 19. g4 h6 20. Qg3 Rdc8 21. Rd3 b5 22. Ne2 Rc2 23. Nf4 Ne4 24. Qf3 Nxf2 25. g5 0-1